 Dungeon Crawl Stone Soup version 0.28.0 (webtiles) character file.

Game seed: 12031126949967396250

42 RighteousDevil the Slasher (level 3, -1/31 HPs)
             Began as a Minotaur Monk on Feb 18, 2022.
             Was an Initiate of Yredelemnul.
             Slain by an iron imp (8 damage)
             ... summoned by Natasha
             ... on level 2 of the Dungeon.
             The game lasted 00:01:02 (1352 turns).

RighteousDevil the Slasher (Minotaur Monk)          Turns: 1352, Time: 00:01:03

Health: -1/31      AC:  2    Str: 17    XL:     3   Next: 35%
Magic:  2/2        EV: 12    Int:  7    God:    Yredelemnul [......]
Gold:   44         SH:  0    Dex: 12    Spells: 2/2 levels left

rFire   . . .      SeeInvis .   a - +0 falchion
rCold   . . .      Faith    .   (no shield)
rNeg    . . .      Spirit   .   c - +0 robe
rPois   .          Reflect  .   (helmet restricted)
rElec   .          Harm     .   (no cloak)
rCorr   .          Rampage  .   (no gloves)
Will    .....                   (no boots)
Stlth   ++........              (no amulet)
HPRegen 0.10/turn               (no ring)
MPRegen 0.08/turn               (no ring)

@: no status effects
A: horns 2, retaliatory headbutt
a: Renounce Religion, Recall Undead Harvest


You were on level 2 of the Dungeon.
You worshipped Yredelemnul.
Yredelemnul was noncommittal.
You visited 1 branch of the dungeon, and saw 2 of its levels.

You collected 44 gold pieces.

Inventory:

Hand Weapons
 a - a +0 falchion (weapon)
 b - a +2 dagger of draining
Armour
 c - a +0 robe (worn)
Scrolls
 e - a scroll of identify {unknown}
Potions
 d - a potion of might {unknown}
 f - a potion of curing {unknown}


   Skills:
 - Level 3.6 Fighting
 + Level 5.4 Long Blades
 - Level 3.2 Dodging
 - Level 1.5 Stealth


You had 2 spell levels left.
You didn't know any spells.
Your spell library was empty.

Dungeon Overview and Level Annotations

Branches:
Dungeon (2/15)

Altars:
Yredelemnul

Shops:
D:1 (

Annotations:
D:2 Natasha


Innate Abilities, Weirdness & Mutations

You have a pair of horns on your head.
You reflexively headbutt those who attack you in melee.


Message History

No target in view!
You open the door.
There is an open door here.
You open the door.
There is an open door here.
You open the door.
There is an open door here.
Key pressed, stopping explore.
No target in view!
Natasha, Servant of Life and Death comes into view.
Natasha is nearby!
Natasha hisses angrily.
Natasha casts a spell.
There are monsters nearby!
You hit the iron imp but do no damage. Natasha casts a spell at you.
The magic dart hits you.
Natasha mumbles some strange words.
There are monsters nearby!
You barely miss the iron imp. You headbutt the iron imp.
The iron imp is lightly wounded.
The iron imp hits you.
Your adder zombie barely misses the iron imp.
The white imp hits your quokka zombie.
The white imp freezes your quokka zombie.
Your quokka zombie completely resists.
Natasha claws you!
You hit Natasha.
Natasha is lightly wounded.
Your adder zombie bites the iron imp.
The iron imp closely misses you. You furiously retaliate!
You headbutt the iron imp, but do no damage.
Natasha claws you!
* * * LOW HITPOINT WARNING * * *
You closely miss Natasha. Your headbutt misses Natasha.
Natasha is lightly wounded.
Your adder zombie bites the iron imp but does no damage.
The iron imp hits you!
You die...
Your body rises from the dead as a mindless zombie.

##.......# #<#
...#####.# .#.#
#.# ...# #Z# ..^#
#Z# ...#
#.###############
..#
#....Z...........
..#
#########Z..####
......Z@5.#
......5Zh.#
###########


You could see an iron imp (summoned, ally target), Natasha, a white imp
(summoned), a friendly ball python zombie, a friendly adder zombie and a
friendly quokka zombie.

Vanquished Creatures
  An adder (D:2)
  A dart slug (D:1)
  2 endoplasms (D:1)
  4 goblins
  2 hobgoblins (D:1)
  3 quokkas
  6 ball pythons
  2 bats (D:1)
  4 frilled lizards (D:1)
  3 kobolds (D:1)
  3 rats (D:1)
31 creatures vanquished.

Notes
Turn   | Place    | Note
-------+----------+-------------------------------------------
     0 | D:1      | RighteousDevil the Minotaur Monk began the quest for the
                  | Orb.
     0 | D:1      | Reached XP level 1. HP: 19/19 MP: 0/0
    38 | D:1      | Reached skill level 4 in Long Blades
   164 | D:1      | Reached XP level 2. HP: 24/26 MP: 1/1
   520 | D:1      | Found Sulas's Weapon Boutique.
   773 | D:1      | Reached skill level 5 in Long Blades
   854 | D:1      | Reached XP level 3. HP: 30/31 MP: 2/2
   864 | D:1      | Found a faded altar of an unknown god.
  1162 | D:1      | Prayed at the altar of an unknown god.
  1162 | D:1      | Became a worshipper of Yredelemnul the Dark
  1162 | D:1      | Reached * piety under Yredelemnul
  1162 | D:1      | Reached ** piety under Yredelemnul
  1346 | D:2      | Noticed Natasha
  1352 | D:2      | Slain by an iron imp

Illustrated notes

Levels and vault maps discovered:
D:1:      minmay_arrival_four_houses, layout_loops_ring, basic_ecumenical_altar,
          serial_shops, nicolae_shop_bloodbath_and_beyond
D:2:      layout_basic, fountainhead, uniq_natasha

Skill      XL: |  1  2 |
---------------+-------+-----
Long Blades    | 4 5 |  5.4
Fighting       | |  3.6
Dodging        | |  3.2
Stealth        | |  1.5

Action                   || total
-------------------------++-------
Melee: Falchion          ||    64
       Headbutt          ||    13
 Stab: Sleeping          ||     1
Armor: Robe              ||    12
Dodge: Dodged            ||    37
